 Dungeon Crawl Stone Soup version 0.29-a0-648-g6b26cc9f40 (webtiles) character file.

Game seed: 9946538171286319923

12636 ptdevnull the Carver (level 11, -1/69 HPs)
             Began as a Tengu Gladiator on June 21, 2022.
             Was a High Priest of Okawaru.
             Killed from afar by an orc wizard (10 damage)
             ... with a puff of flame
             ... on level 1 of the Orcish Mines.
             The game lasted 00:27:00 (10474 turns).

ptdevnull the Carver (Tengu Gladiator)             Turns: 10474, Time: 00:27:00

Health: -1/69      AC: 16    Str: 16    XL:     11   Next: 96%
Magic:  17/17      EV: 27    Int:  8    God:    Okawaru [*****.]
Gold:   2692       SH:  0    Dex: 21    Spells: 10/10 levels left

rFire   . . .      SeeInvis .   a - +6 long sword (protect)
rCold   . . .      Faith    .   (no shield)
rNeg    . . .      Spirit   .   y - +5 robe of Compassion {-Cast Will+ Regen+ Str+2}
rPois   .          Reflect  .   E - +1 hat
rElec   .          Harm     .   o - +1 cloak {Will+}
rCorr   .          Rampage  .   H - +1 pair of gloves
Will    ++...      NoCast   +   (boots unavailable)
Stlth   ++........              (no amulet)
HPRegen 1.01/turn               t - +4 ring of evasion
MPRegen 0.15/turn               v - +4 ring of protection

@: lethally poisoned (-1 -> -5), about to teleport, flying quickly and
evasively, studying Unarmed Combat, quick
A: beak, talons 3, nimble flight
a: Renounce Religion, Heroism, Finesse, Duel


You were on level 1 of the Orcish Mines.
You worshipped Okawaru.
Okawaru was extremely pleased with you.
You visited 3 branches of the dungeon, and saw 13 of its levels.
You also visited: Sewer and Ossuary.

You collected 2842 gold pieces.
You spent 150 gold pieces at shops.

Inventory:

Hand Weapons
 a - a +6 long sword of protection (weapon)
 x - a +0 hand crossbow
 D - a +4 dagger
 G - a +0 vorpal triple sword
 L - a +1 long sword of protection
Missiles
 d - 5 throwing nets (quivered)
 e - 10 javelins
 B - 3 boomerangs of dispersal
Armour
 g - an orb of wrath
 o - a +1 cloak of willpower (worn)
 y - the +5 robe of Compassion (worn) {-Cast Will+ Regen+ Str+2}
   (You found it on level 2 of the Dungeon)

   Str:       It affects your strength (+2).
   -Cast:     It prevents spellcasting.
   Regen:     It increases your rate of health regeneration.
   Will:      It increases your willpower.
 E - a +1 hat (worn)
 H - a +1 pair of gloves (worn)
Jewellery
 c - a ring of magical power
 t - a +4 ring of evasion (left hand)
 v - a +4 ring of protection (right hand)
 I - a ring of positive energy
Wands
 b - a wand of paralysis (23)
 J - a wand of flame (35)
 K - a wand of iceblast (1)
Scrolls
 i - 3 scrolls of magic mapping
 j - a scroll of teleportation
 m - 2 scrolls of poison
 s - 2 scrolls of enchant weapon
 w - 4 scrolls of enchant armour
 z - a scroll of immolation
 C - 2 scrolls of amnesia
Potions
 f - 5 potions of flight
 h - 7 potions of mutation
 k - a potion of berserk rage
 l - 5 potions of lignification
 n - 6 potions of haste
 p - a potion of cancellation
 q - a potion of might
 r - 6 potions of curing
 u - a potion of magic {unknown}
 A - a potion of resistance {unknown}
 F - 5 potions of heal wounds


   Skills:
 + Level 8.4 Fighting
 - Level 14.0 Long Blades
 - Level 2.0 Throwing
 + Level 9.5 Dodging
 + Level 7.4 Invocations


You had 10 spell levels left.
You didn't know any spells.
Your spell library contained the following spells:

 Spells                   Type           Power      Damage    Failure   Level
 Blink                    Tloc           0%         N/A       54%         2
 Ensorcelled Hibernation  Hex/Ice        0%         N/A       54%         2
 Passwall                 Tmut/Erth      0%         N/A       54%         2
 Confusing Touch          Hex            0%         N/A       78%         3
 Conjure Flame            Conj/Fire      0%         6-21      78%         3
 Ignite Poison            Fire/Tmut/Pois 0%         N/A       78%         3
 Lesser Beckoning         Tloc           0%         N/A       78%         3
 Ozocubu's Armour         Ice            0%         N/A       78%         3
 Spider Form              Tmut/Pois      0%         N/A       78%         3
 Swiftness                Air            0%         N/A       78%         3
 Anguish                  Hex/Necr       0%         N/A       99%         4
 Sticky Flame             Conj/Fire      0%         2d3       99%         4
 Manifold Assault         Tloc           0%         N/A       100%        5
 Yara's Violent Unravell  Hex/Tmut       0%         3d3       100%        5
 Enfeeble                 Hex            0%         N/A       100%        7
 Ozocubu's Refrigeration  Ice            0%         4d5       100%        7
 Animate Dead             Necr           Unusable   N/A       N/A         4
 Haunt                    Necr/Summ      Unusable   N/A       N/A         7
 Infestation              Necr           Unusable   N/A       N/A         8

Dungeon Overview and Level Annotations

Branches:
Dungeon (11/15)            Temple (1/1) D:6             Orc (1/2) D:11
  Sewer (visited)         Ossuary (visited)
   Lair: D:8-11

Altars:
Ashenzari
Cheibriados
Dithmenos
Elyvilon
Fedhas
Gozag
Hepliaklqana
Kikubaaqudgha
Makhleb
Nemelex Xobeh
Okawaru
Qazlal
Ru
Sif Muna
Trog
Uskayaw
Vehumet
Wu Jian
Xom
Yredelemnul
Zin
The Shining One

Shops:
D:6 [

Annotations:
D:5 1 runed translucent door, Crazy Yiuf


Innate Abilities, Weirdness & Mutations

You have a beak for a mouth.
You have claws for feet.
Your magical nature lets you fly swiftly and evasively.


Message History

An orc priest comes into view. It is wielding a +0 trident.
The orc warrior hits you with a +0 scimitar!
The orc misses you.
The orc warrior hits you from afar with a +2 glaive of venom.
You are poisoned.
The orc closely misses you.
You hit the orc.
The orc is almost dead.
You feel very sick.
You closely miss the orc. You claw the orc.
You kill the orc!
Okawaru accepts your kill.
You feel sick. The orc priest closely misses you.
The orc warrior barely misses you. The orc warrior closely misses you.
The orc misses you.
Unknown command.
You feel sick. The orc priest closely misses you.
The orc warrior hits you with a +0 scimitar.
You see here a +0 flail.
You completely miss the orc priest. You claw the orc priest!
The orc priest is heavily wounded.
You feel sick.
The orc priest looks satisfied for a moment.
The orc warrior hits you with a +0 scimitar!
* * * LOW HITPOINT WARNING * * *
An orc wizard comes into view. It is wielding a +0 dagger.
The orc wizard shouts!
As you read the scroll of teleportation, it crumbles to dust.
You feel strangely unstable.
You feel sick. The orc priest completely misses you.
The orc warrior closely misses you.
The orc warrior hits you from afar with a +2 glaive of venom.
* * * LOW HITPOINT WARNING * * *
You are more poisoned.
Unknown command.
You feel very sick.
Unknown command.
You feel sick. The orc wizard casts a spell at you. The puff of flame hits you!
You die...

##....#......###.###.###.........
.#........#).##.......#..........
...........).)...................
........))............#.......#..
........)>......##.#...#........)
........)).......####.#.........<
.................## ####..#......
....#.#...........### ####......
...####.......o.@.#.### #....#..
#.####.......o)........##....#...
...##....).))o).o.#.....#...##...
#......#..)#.##...# #..##... ....
##....#....###o..#......##..##.#.
##..###..))#......... .
#...##.....o..........
##............#.....#.
##.#........#.......


You could see 2 orc warriors, an orc priest, an orc wizard and an orc.

Vanquished Creatures
  An ettin (Orc:1)
  Harold (D:9)
  Urug (D:11)
  A troll (D:10)
  2 hornets
  Grinder (D:5)
  17 yaks
  4 wyverns
  2 steam dragons
  6 vampire mosquitoes
  A basilisk (D:11)
  4 water moccasins (D:11)
  Pargi (Sewer)
  6 orc warriors
  2 black bears (D:4)
  A sky beast (D:7)
  An ice beast (D:8)
  3 ogres
  2 centaurs
  3 kobold brigands
  2 phantoms
  5 bullfrogs
  An elf skeleton (D:4)
  12 wights
  2 scorpions (D:5)
  6 killer bees (D:9)
  5 howler monkeys
  A centaur zombie (Ossuary)
  8 crimson imps (D:7)
  A human zombie (D:4)
  13 orc priests
  3 gnoll shamans
  4 hounds
  2 human skeletons (D:4)
  6 iguanas
  15 orc wizards
  5 mummies (Ossuary)
  12 gnolls
  8 adders
  A shadow imp (D:6)
  2 white imps (D:7)
  3 ufetubi
  3 worms
  3 dart slugs
  47 orcs
  4 ball pythons
  11 bats
  13 endoplasms
  7 giant cockroaches
  2 gnoll zombies (Ossuary)
  9 goblins
  4 hobgoblins
  9 jackals (D:1)
  29 kobolds
  3 quokkas
  3 frilled lizards
  A goblin zombie (Ossuary)
  2 hobgoblin zombies (Ossuary)
  An orc skeleton (D:4)
  3 orc zombies
  8 rats
339 creatures vanquished.

Vanquished Creatures (others)
  An orc wizard (D:6)
  2 fungi
  5 plants (D:11)
  4 toadstools (D:1)
12 creatures vanquished.

Grand Total: 351 creatures vanquished

Notes
Turn   | Place    | Note
-------+----------+-------------------------------------------
     0 | D:1      | ptdevnull the Tengu Gladiator began the quest for the Orb.
     0 | D:1      | Reached XP level 1. HP: 12/12 MP: 2/2
   252 | D:1      | Reached XP level 2. HP: 10/17 MP: 3/3
   435 | D:1      | Reached skill level 4 in Long Blades
   690 | D:1      | Reached XP level 3. HP: 19/21 MP: 4/4
  1741 | D:2      | Reached skill level 5 in Long Blades
  2064 | D:2      | Reached XP level 4. HP: 19/26 MP: 5/5
  2315 | D:2      | Identified the +5 robe of Compassion {-Cast Will+ Regen+
                  | Str+2}
  2753 | D:3      | Reached skill level 6 in Long Blades
  2866 | D:3      | Gained mutation: Your magical nature lets you fly swiftly
                  | and evasively. [Tengu growth]
  2866 | D:3      | Reached XP level 5. HP: 30/30 MP: 6/6
  3646 | D:4      | Noticed an ogre
  3692 | D:4      | Noticed a black bear
  3697 | D:4      | Reached skill level 7 in Long Blades
  3705 | D:4      | Killed a black bear
  3706 | D:4      | Reached XP level 6. HP: 35/35 MP: 7/7
  3720 | D:4      | Found a sand-covered staircase.
  3725 | Ossuary  | Entered an ossuary
  3810 | Ossuary  | Reached skill level 8 in Long Blades
  4015 | D:4      | Reached XP level 7. HP: 40/40 MP: 8/8
  4045 | D:4      | Reached skill level 9 in Long Blades
  4146 | D:4      | Reached skill level 10 in Long Blades
  4219 | D:4      | Reached XP level 8. HP: 44/44 MP: 9/9
  4550 | D:5      | Entered Level 5 of the Dungeon
  4610 | D:5      | Found a glowing drain.
  4622 | Sewer    | Entered a sewer
  4649 | Sewer    | Noticed Pargi
  4664 | Sewer    | Killed Pargi
  4665 | Sewer    | Reached skill level 11 in Long Blades
  4785 | D:5      | Noticed Grinder
  4813 | D:5      | Killed Grinder
  4814 | D:5      | Reached skill level 12 in Long Blades
  5041 | D:5      | Reached XP level 9. HP: 39/48 MP: 10/10
  5278 | D:5      | Found a runed translucent door.
  5279 | D:5      | Noticed Crazy Yiuf
  5393 | D:6      | Noticed a two-headed ogre
  5622 | D:6      | Found Naben's Antique Armour Boutique.
  5645 | D:6      | Reached skill level 13 in Long Blades
  5677 | D:6      | Bought a runed cloak for 150 gold pieces
  5784 | D:6      | Found a basalt altar of Yredelemnul.
  6004 | D:6      | Found a staircase to the Ecumenical Temple.
  6011 | Temple   | Entered the Ecumenical Temple
  6360 | Temple   | Became a worshipper of Warmaster Okawaru
  7002 | D:7      | Reached skill level 14 in Long Blades
  7172 | D:7      | Reached skill level 1 in Invocations
  7317 | D:7      | Reached * piety under Okawaru
  7529 | D:7      | Reached XP level 10. HP: 56/56 MP: 12/12
  7626 | D:8      | Identified a scroll of acquirement
  7633 | D:8      | Acquired 950 gold pieces
  7708 | D:8      | Reached skill level 5 in Dodging
  7850 | D:8      | Identified the +0 leather armour "Xarghi" {Will- Str+4
                  | Int+5}
  8180 | D:8      | Reached ** piety under Okawaru
  8339 | D:8      | Reached skill level 5 in Fighting
  8857 | D:9      | Reached *** piety under Okawaru
  8869 | D:9      | Reached skill level 5 in Invocations
  9145 | D:9      | Reached XP level 11. HP: 58/65 MP: 14/16
  9208 | D:9      | Noticed Harold
  9220 | D:9      | Killed Harold
  9220 | D:9      | Reached **** piety under Okawaru
  9501 | D:10     | Entered Level 10 of the Dungeon
  9554 | D:10     | Paralysed by a hornet for 2 turns
  9589 | D:10     | Acquired 1079 gold pieces
  9940 | D:11     | Noticed Urug
 10042 | D:11     | Killed Urug
 10042 | D:11     | Reached ***** piety under Okawaru
 10165 | D:11     | Found a staircase to the Orcish Mines.
 10168 | Orc:1    | Entered Level 1 of the Orcish Mines
 10168 | Orc:1    | Noticed an ettin
 10193 | Orc:1    | Killed an ettin
 10422 | Orc:1    | Received a gift from Okawaru
 10474 | Orc:1    | Killed from afar by an orc wizard

Illustrated notes

Levels and vault maps discovered:
D:1:      ldierk_water_garden, layout_basic, minmay_pentomino_s4
D:2:      layout_basic, minmay_tall_x
D:3:      layout_basic, solitary_fountain
D:4:      layout_rooms, nicolae_ossuary_entry_catacombs, minmay_manual_mail
D:5:      layout_cave_pools, cheibrodos_sewer_entry_bend, serial_column_ruins,
          column_ruins_columns_T, column_ruins_columns_corner,
          column_ruins_columns_straight, column_ruins_columns_straight,
          column_ruins_open_small, column_ruins_open_small_water,
          uniq_crazy_yiuf_cottage, uniq_grinder
D:6:      layout_basic, pf_just_have_faith, minmay_temple_entry_proselytizer,
          serial_shops, kennysheep_little_box, chequers_mini_garden
D:7:      layout_gridville, minmay_nine_imps
D:8:      layout_basic
D:9:      layout_grid_maze, uniq_harold
D:10:     layout_rooms
D:11:     layout_irregular_city, minmay_lair_entry_grove, erik_orc_1, uniq_urug
Temple:   mainiacjoe_temple_circle_huts
Orc:1:    layout_caves, serial_shops

Skill      XL: |  1  2  3  4  5  6  7  8  9 10 11 |
---------------+----------------------------------+-----
Long Blades    | 4 5 6 7 8 10 12 14 | 14.0
Invocations    | 2 5 7 |  7.4
Dodging        | 4 7 9 |  9.5
Fighting       | 3 6 8 |  8.4
Throwing       | |  2.0

Action                   |  1- 3 |  4- 6 |  7- 9 | 10-12 || total
-------------------------+-------+-------+-------+-------++-------
Melee: Long sword        |    94 |   132 |   387 |   476 ||  1089
       Kick              |    14 |    30 |   130 |   174 ||   348
       Peck              |    14 |    21 |    72 |   112 ||   219
       Punch             |       |     1 |     5 |    10 ||    16
Invok: Heroism           |       |       |       |     2 ||     2
       Finesse           |       |       |       |     2 ||     2
Evoke: Wand              |       |       |       |     1 ||     1
  Use: Scroll            |       |    10 |     9 |    15 ||    34
       Potion            |       |       |       |     1 ||     1
 Stab: Sleeping          |     3 |     3 |     3 |     3 ||    12
       Distracted        |       |       |     2 |     2 ||     4
Armor: Leather armour    |    20 |     3 |       |       ||    23
       Robe              |       |    17 |    77 |    74 ||   168
Dodge: Dodged            |    56 |    96 |   319 |   436 ||   907

Table legend: (Time is in decaauts)
 A = Elapsed time spent in this place.
 B = Non-inter-level travel time spent in this place.
 C = Inter-level travel time spent in this place.
 D = Time resting spent in this place.
 E = Time spent auto-exploring this place.
 F = Levels seen in this place.
 G = Mean time per level.
                   A        B        C        D        E       F      G
               +--------+--------+--------+--------+--------+-----+--------+
         Total |   9673 |   9039 |    634 |    239 |   6361 |  15 |  644.9 |
       Dungeon |   8798 |   8210 |    588 |    210 |   5836 |  11 |  799.8 |
        Temple |    333 |    287 |     46 |      0 |    268 |   1 |  333.0 |
  Orcish Mines |    251 |    251 |      0 |     18 |    111 |   1 |  251.0 |
         Sewer |     79 |     79 |      0 |      0 |     39 |   1 |   79.0 |
       Ossuary |    209 |    209 |      0 |     10 |    105 |   1 |  209.0 |
               +--------+--------+--------+--------+--------+-----+--------+

Top non-repeatable levels by time:
     D:1: 1717 daAuts
     D:3: 1018 daAuts
     D:9: 915 daAuts
     D:6: 882 daAuts
     D:2: 847 daAuts
     D:5: 798 daAuts
     D:8: 735 daAuts
     D:4: 651 daAuts
     D:7: 648 daAuts
    D:10: 347 daAuts
  Temple: 333 daAuts
   Orc:1: 251 daAuts
    D:11: 235 daAuts
 Ossuary: 209 daAuts
   Sewer: 79 daAuts
